 Dungeon Crawl Stone Soup version 0.31-a0-1074-g0b22e4e0f1 (webtiles) character file.

Game seed: 5457819724889851472

157 BigPumpCobain the Changeling (level 5, -4/40 (42) HPs)
             Began as a Draconian Shapeshifter on Dec 7, 2023.
             Constricted to death by Ijyb (6 damage)
             ... on level 3 of the Dungeon.
             The game lasted 00:03:09 (2120 turns).

BigPumpCobain the Changeling (DrSh)                 Turns: 2120, Time: 00:03:09

HP:   -4/40 (42)    AC:  5    Str: 18    XL:     5   Next: 15%
MP:   5/5           EV:  9    Int: 11    God:
Gold: 48            SH:  0    Dex: 10    Spells: 4/4 levels left

rFire   . . .        f - +2 hand axe (elec)
rCold   . . .        (no shield)
rNeg    . . .        (body armour unavailable)
rPois   .            (helmet currently unavailable)
rElec   .            (cloak currently unavailable)
rCorr   .            (gloves currently unavailable)
SInv    .            (boots currently unavailable)
Will    .....        (no amulet)
Stlth   +            (no ring)
HPRegen 0.26/turn    (no ring)
MPRegen 0.09/turn

%: no passive effects
@: beast-form, grasped by roots, constricted, lightly drained
A: beast (slay +2), AC +5, unfitting armour, cold-blooded
a: Begin Untransformation


You were on level 3 of the Dungeon.
You were a hulking beast.
You visited 1 branch of the dungeon, and saw 3 of its levels.

You collected 48 gold pieces.

Inventory:

Hand Weapons
 d - a +1 heavy hand axe
 f - a +2 hand axe of electrocution (weapon)
Talismans
 b - a beast talisman
 c - a flux talisman
Scrolls
 e - a scroll of teleportation {unknown}
 g - a scroll of noise {unknown}
 h - a scroll of poison {unknown}
 i - a scroll of summoning {unknown}
 j - a scroll of identify
Potions
 a - 4 potions of lignification


   Skills:
 + Level 2.6 Fighting
 + Level 2.6 Dodging
 + Level 3.7 Unarmed Combat
 * Level 4.1 Shapeshifting


You had 4 spell levels left.
You didn't know any spells.
Your spell library was empty.

Dungeon Overview and Level Annotations

Branches:
Dungeon (3/15)

Altars:
Gozag
Hepliaklqana

Annotations:
D:3 Ijyb


Innate Abilities, Weirdness & Mutations

You are a hulking beast.
Your limbs bulge with bestial killing power. (Slay +2)
Your plain brown scales are hard. (AC +5)
You cannot fit into any form of body armour.
You are cold-blooded and may be slowed by cold attacks.


Message History

You miss the adder.
The adder is moderately wounded.
You hit Ijyb. The adder closely misses you.
Ijyb hits you with a +4 dagger of draining.
You feel drained. The grasping roots constrict you.
The adder bites you but does no damage.
You slash Ijyb!
Your tail-slap misses Ijyb.
You punch Ijyb.
Ijyb is severely wounded.
You closely miss the adder. You closely miss the phantom.
The adder bites you but does no damage.
Ijyb hits you with a +4 dagger of draining.
You feel drained. The grasping roots constrict you. The phantom hits you.
The phantom blinks!
You blink.
The grasping roots constrict you!
* * * LOW HITPOINT WARNING * * *
The phantom hits you but does no damage.
The grasping roots release their grip on you.
You are too injured to fight recklessly!
You are too injured to fight recklessly!
You are too injured to fight recklessly!
You are too injured to fight recklessly!
You slash the phantom!
The phantom is moderately damaged.
Ijyb zaps a wand.
The roots erupt in riotous growth!
The grasping roots grab you!
The phantom is unaffected.
The grasping roots constrict you.
* * * LOW HITPOINT WARNING * * *
The phantom hits you.
* * * LOW HITPOINT WARNING * * *
The phantom blinks!
You blink.
You barely miss the phantom.
The phantom is moderately damaged.
Ijyb screams, "I dance on your bones!" The grasping roots constrict you.
You die...

#...##.. #...##.#
#...##.#
###+######...##.#
#............##.#
#....h.......##.#
#....W...g..)##.#
#............##.#
#.......S....##.######
#....ยงยง...............
#...........###.######
##########.........#
#..###.##.# #..#####..#


You could see a phantom, Ijyb and an adder.

Vanquished Creatures
  An orc priest (D:3)
  5 gnolls
  2 adders
  A worm (D:2)
  A dart slug (D:2)
  5 orcs (D:3)
  5 endoplasms
  2 goblins (D:1)
  6 hobgoblins
  4 jackals (D:2)
  A quokka (D:1)
  3 ball pythons
  3 bats (D:1)
  4 frilled lizards (D:1)
  6 kobolds
  5 rats
54 creatures vanquished.

Notes
Turn   | Place    | Note
-------+----------+-------------------------------------------
     0 | D:1      | BigPumpCobain the Draconian Shapeshifter began the quest
                  | for the Orb.
     0 | D:1      | Reached XP level 1. HP: 16/16 MP: 1/1
   131 | D:1      | Reached XP level 2. HP: 23/23 MP: 2/2
   340 | D:1      | Reached XP level 3. HP: 23/29 MP: 3/3
   431 | D:1      | Found a faded altar of an unknown god.
  1354 | D:1      | Reached XP level 4. HP: 36/36 MP: 4/4
  1937 | D:3      | Found a hazy altar of Hepliaklqana.
  1954 | D:3      | Reached skill level 4 in Shapeshifting
  1954 | D:3      | Reached XP level 5. HP: 33/42 MP: 5/5
  2065 | D:3      | Found an opulent altar of Gozag.
  2111 | D:3      | Noticed Ijyb
  2112 | D:3      | Noticed a phantom
  2119 | D:3      | HP: 2/40 [phantom (6)]
  2120 | D:3      | Constricted to death by Ijyb

Illustrated notes

Levels and vault maps discovered:
D:1:      lightli_iron_boxes, layout_basic, chequers_ecumenical_altar_island
D:2:      layout_loops_corners
D:3:      layout_basic, mainiacjoe_overflow_boulevard, grunt_gozag_breadcrumbs,
          gup_sewer_entry_glass, nrook_mini_vaults, lexackson_kobold_supper,
          uniq_ijyb, uniq_crazy_yiuf_cottage

Skill      XL: |  1  2  3  4 |
---------------+-------------+-----
Dodging        | 2 |  2.6
Fighting       | 2 |  2.6
Shapeshifting  | 4 |  4.1
Unarmed Combat | |  3.7

Action                     |  1- 3 |  4- 6 || total
---------------------------+-------+-------++-------
  Melee: Unarmed           |    88 |       ||    88
         Tailslap          |     5 |     5 ||    10
         Hand axe          |     4 |    39 ||    43
         Punch             |     4 |     2 ||     6
    Use: Scroll            |     3 |       ||     3
   Stab: Sleeping          |       |     1 ||     1
 Armour: Skin              |    31 |    26 ||    57
  Dodge: Dodged            |    55 |    27 ||    82

Table legend: (Time is in decaauts)
 A = Elapsed time spent in this place.
 B = Non-inter-level travel time spent in this place.
 C = Inter-level travel time spent in this place.
 D = Time resting spent in this place.
 E = Time spent auto-exploring this place.
 F = Levels seen in this place.
 G = Mean time per level.
                   A        B        C        D        E       F      G
               +--------+--------+--------+--------+--------+-----+--------+
         Total |   2135 |   2079 |     56 |    180 |   1521 |   3 |  711.7 |
       Dungeon |   2135 |   2079 |     56 |    180 |   1521 |   3 |  711.7 |
               +--------+--------+--------+--------+--------+-----+--------+

Top non-repeatable levels by time:
     D:2: 1000 daAuts
     D:1: 907 daAuts
     D:3: 228 daAuts
